 Dungeon Crawl Stone Soup version 0.20.1-1-g8b1a95d (webtiles) character file.

10570 froobite the Blocker (level 11, -10/95 HPs)
             Began as a Minotaur Berserker on Aug 1, 2017.
             Was a High Priest of Trog.
             Mangled by a two-headed ogre
             ... wielding a +0 giant club
              (12 damage)
             ... on level 2 of the Orcish Mines.
             The game lasted 00:46:11 (7772 turns).

froobite the Blocker (Minotaur Berserker)           Turns: 7772, Time: 00:46:11

Health: -10/95     AC: 18    Str: 23    XL:     11   Next: 37%
Magic:  10/10      EV: 12    Int:  5    God:    Trog [*****.]
Gold:   465        SH: 14    Dex: 11    Spells: 10/10 levels left

rFire    + . .     SeeInvis .   j - +10 quick blade
rCold    x . .     Gourm    .   t - +0 shield
rNeg     . . .     Faith    .   D - +1 plate armour
rPois    .         Spirit   .   (helmet restricted)
rElec    .         Reflect  +   x - +0 cloak
rCorr    .         Harm     .   (no gloves)
MR       .....                  V - +0 pair of boots
Stlth    ..........             F - +2 amulet of reflection
Regen    0.3/turn               i - ring of fire
MPRegen  0.2/turn               v - +3 ring of evasion

@: berserk cooldown, slowed, very slow
A: retaliatory headbutt, horns 2
a: Berserk, Trog's Hand, Brothers in Arms, Burn Spellbooks, Renounce Religion


You were on level 2 of the Orcish Mines.
You worshipped Trog.
Trog was extremely pleased with you.
You were not hungry.

You visited 2 branches of the dungeon, and saw 11 of its levels.
You also visited: Sewer.

You collected 622 gold pieces.
You spent 157 gold pieces at shops.

Inventory:

Hand Weapons
 a - a +0 falchion
 f - a +0 hunting sling
 g - a +1 dagger of electrocution
 j - a +10 quick blade (weapon)
 r - a +1 short sword of holy wrath
 w - a +3 quarterstaff of chaos
 Z - a +1 vampiric scimitar
Missiles
 u - 13 tomahawks (quivered)
Armour
 b - a +0 animal skin
 e - a +0 leather armour
 s - a +0 ring mail
 t - a +0 shield (worn)
 x - a +0 cloak (worn)
 D - a +1 plate armour (worn)
 H - +0 swamp dragon scales
 V - a +0 pair of boots (worn)
Jewellery
 i - a ring of fire (left hand)
 m - an uncursed amulet of rage
 v - a +3 ring of evasion (right hand)
 F - a +2 amulet of reflection (around neck)
 L - an uncursed amulet of the gourmand {unknown}
 Y - an uncursed ring of protection from magic {unknown}
Wands
 I - a wand of acid (9/15)
 J - a wand of iceblast (8/15)
 S - a wand of confusion (24/48)
 X - a wand of random effects (26/48)
Scrolls
 k - a scroll of immolation
 y - a scroll of blinking
 A - 3 scrolls of remove curse
 G - 3 scrolls of recharging
 O - a scroll of fear
 P - a scroll of teleportation
 R - a scroll of identify
 T - a scroll of fog
Potions
 d - 3 potions of invisibility
 h - 2 potions of agility {unknown}
 l - 2 potions of curing
 n - 2 potions of mutation {unknown}
 o - a potion of haste {unknown}
 p - 3 potions of might
 z - 2 potions of heal wounds
 B - a potion of flight {unknown}
 C - a potion of brilliance {unknown}
 E - a potion of berserk rage {unknown}
 K - 2 potions of lignification {unknown}
 Q - a potion of resistance {unknown}
 U - a potion of cancellation {unknown}
Comestibles
 c - 5 bread rations
 q - 10 royal jellies
 M - a meat ration
 N - 2 fruits


   Skills:
 + Level 8.8 Fighting
 + Level 9.3(9.7) Short Blades
 + Level 4.8(8.1) Long Blades
 + Level 3.2 Throwing
 + Level 9.4 Armour
 + Level 6.4 Dodging
 + Level 1.0 Stealth
 + Level 11.7 Shields


You had 10 spell levels left.
You didn't know any spells.

Dungeon Overview and Level Annotations

Branches:
Dungeon (9/15)             Temple (0/1) D:4             Orc (2/2) D:9
   Lair: D:8-11         Elf: Orc:2

Altars:
Ashenzari
Fedhas
Hepliaklqana
Kikubaaqudgha
Okawaru
Qazlal
Ru
Vehumet
Zin
The Shining One

Shops:
D:4 ![   D:5 }   D:6 =}(

Annotations:
Orc:2 Donald


Innate Abilities, Weirdness & Mutations

You reflexively headbutt those who attack you in melee.
You have a pair of horns on your head.


Message History

Donald is moderately wounded.
Donald says, "Fainting that often must mean something's wrong, right?"
You block Donald's attack. Donald hits your ogre with a war axe!
Your ogre dies!
Your ogre's corpse disappears in a puff of smoke!
Donald blocks your attack.
Your headbutt misses Donald.
Donald is moderately wounded.
The two-headed ogre misses you. You furiously retaliate!
You headbutt the two-headed ogre! The two-headed ogre barely misses you.
You completely miss Donald.
Donald is moderately wounded.
Donald hits you with a war axe!
You puncture Donald!
Donald is heavily wounded.
You hit Donald but do no damage.
Donald is heavily wounded.
Donald hits you with a war axe!!
* * * LOW HITPOINT WARNING * * *
The two-headed ogre hits you with a giant club!
You die...

......# ........####
..........#.## .
............##
...............##
.........)).....###
....#.#.#.).......###
......##.#).....<...#
.........@@..........#
......#..O......###.##
.................# #
.......$........##
.#...........####
##.........##
#.........##
#.........##
..........#


You could see Donald and a two-headed ogre.

Vanquished Creatures
  A stone giant (Orc:1)
  Erolcha (D:9)
  A two-headed ogre (D:9)
  A cyclops (D:9)
  The ghost of Rhok the Cleaver, a novice MiFi (D:4)
  2 trolls (Orc:1)
  A hornet (D:9)
  A human (D:7)
  3 hogs (D:7)
  A yak (D:7)
  Grum (D:8)
  A warg (Orc:1)
  5 orc warriors
  2 water moccasins
  A black bear (D:5)
  An ice beast (D:7)
  A phantom (D:9)
  5 sky beasts
  4 wolves (D:8)
  5 ogres
  A big kobold (D:7)
  9 bullfrogs
  4 scorpions
  4 wights (D:7)
  10 killer bees
  3 howler monkeys
  3 crimson imps
  A bullfrog zombie (D:8)
  4 hounds
  2 quasits
  2 bullfrog skeletons
  A gnoll shaman (Orc:2)
  8 orc priests
  A jelly (D:8)
  Crazy Yiuf (D:3)
  3 iguanas
  10 orc wizards
  9 worker ants
  A killer bee zombie (D:9)
  2 hound zombies
  9 gnolls
  14 adders
  2 shadow imps
  12 oozes (Sewer)
  2 adder skeletons
  2 worms
  2 dart slugs (D:1)
  13 leopard geckos
  38 orcs
  13 ball pythons
  19 giant cockroaches
  9 goblins
  9 hobgoblins
  9 jackals
  5 quokkas
  9 bats
  13 frilled lizards
  6 kobolds
  A quokka skeleton (D:6)
  A quokka zombie (D:5)
  7 rats
313 creatures vanquished.

Vanquished Creatures (collateral kills)
  A cyclops (Orc:1)
  2 orc priests (Orc:1)
  2 orc wizards (Orc:1)
  An orc (Orc:1)
6 creatures vanquished.

Vanquished Creatures (others)
  2 centaurs
2 creatures vanquished.

Grand Total: 321 creatures vanquished

Notes
Turn   | Place    | Note
-------+----------+-------------------------------------------
     0 | D:1      | froobite the Minotaur Berserker began the quest for the Orb.
     0 | D:1      | Reached XP level 1. HP: 19/19 MP: 0/0
   150 | D:1      | Reached XP level 2. HP: 27/27 MP: 1/1
   667 | D:2      | Reached XP level 3. HP: 33/33 MP: 2/2
   811 | D:2      | Reached ** piety under Trog
  1044 | D:2      | Reached XP level 4. HP: 41/41 MP: 3/3
  1249 | D:2      | Found a glowing silver altar of Zin.
  1929 | D:3      | Reached skill level 1 in Short Blades
  1929 | D:3      | Reached XP level 5. HP: 42/47 MP: 4/4
  1974 | D:3      | Reached skill level 1 in Shields
  1976 | D:3      | Reached *** piety under Trog
  1992 | D:3      | Reached XP level 6. HP: 8/53 MP: 5/5
  2095 | D:3      | Found a runed door.
  2099 | D:3      | Noticed Crazy Yiuf
  2101 | D:3      | Killed Crazy Yiuf
  2268 | D:4      | Found a shattered altar of Ashenzari.
  2275 | D:4      | Reached skill level 1 in Stealth
  2285 | D:4      | Found Seownesch's Book Boutique.
  2293 | D:4      | Reached skill level 2 in Shields
  2298 | D:4      | Found Gimmah's Antique Armour Boutique.
  2354 | D:4      | Noticed a water moccasin
  2362 | D:4      | Killed a water moccasin
  2362 | D:4      | Reached XP level 7. HP: 44/60 MP: 6/6
  2367 | D:4      | Noticed Rhok's ghost (novice MiFi)
  2381 | D:4      | Killed Rhok's ghost
  2381 | D:4      | Reached skill level 5 in Fighting
  2381 | D:4      | Reached skill level 5 in Armour
  2381 | D:4      | Reached skill level 3 in Shields
  2411 | D:4      | Found Wuhu Ruk's Distillery.
  2419 | D:4      | Bought a potion of heal wounds for 60 gold pieces
  2487 | D:4      | Found a staircase to the Ecumenical Temple.
  2651 | D:4      | You fall through a shaft!
  2651 | D:5      | Entered Level 5 of the Dungeon
  2712 | D:5      | Reached skill level 5 in Dodging
  2712 | D:5      | Reached XP level 8. HP: 56/68 MP: 7/7
  2748 | D:5      | Found Coekav's Gadget Shop.
  2778 | D:5      | Reached skill level 4 in Shields
  3052 | D:5      | Reached skill level 5 in Short Blades
  3296 | D:6      | Found Buatwo's Jewellery Boutique.
  3327 | D:6      | Bought a +2 amulet of reflection for 97 gold pieces
  3422 | D:6      | Found a glowing drain.
  3442 | Sewer    | Entered a sewer
  3510 | Sewer    | Reached **** piety under Trog
  3685 | Sewer    | Reached skill level 5 in Shields
  3915 | D:6      | Found Esorphuf's Antique Weapon Shoppe.
  4056 | D:6      | Found an iron altar of Okawaru.
  4079 | D:6      | Found a radiant altar of Vehumet.
  4081 | D:6      | Reached ***** piety under Trog
  4087 | D:6      | Found a blossoming altar of Fedhas.
  4110 | D:6      | Found a hazy altar of Hepliaklqana.
  4124 | D:6      | Reached skill level 6 in Shields
  4226 | D:6      | Found Azutuxt's Gadget Shop.
  4309 | D:6      | Reached XP level 9. HP: 71/74 MP: 8/8
  4401 | D:6      | Found a glowing golden altar of the Shining One.
  4482 | D:6      | Received a gift from Trog
  4782 | D:7      | Reached skill level 7 in Shields
  4834 | D:7      | Found a sacrificial altar of Ru.
  5083 | D:7      | Reached skill level 8 in Shields
  5436 | D:7      | Reached skill level 1 in Throwing
  5455 | D:7      | Reached XP level 10. HP: 86/86 MP: 9/9
  5586 | D:7      | Found a stormy altar of Qazlal.
  5787 | D:8      | Reached skill level 9 in Shields
  5839 | D:8      | Noticed Grum
  5865 | D:8      | Killed Grum
  6034 | D:8      | You fall through a shaft!
  6235 | D:9      | Noticed a cyclops
  6251 | D:9      | Killed a cyclops
  6312 | D:9      | Reached skill level 10 in Shields
  6442 | D:9      | Received a gift from Trog
  6456 | D:9      | Found a staircase to the Orcish Mines.
  6485 | D:9      | Noticed Erolcha
  6498 | D:9      | Killed Erolcha
  6651 | D:9      | Noticed a two-headed ogre
  6663 | D:9      | Killed a two-headed ogre
  6710 | D:9      | Found an ancient bone altar of Kikubaaqudgha.
  6850 | D:9      | Reached XP level 11. HP: 85/94 MP: 10/10
  7007 | Orc:1    | Entered Level 1 of the Orcish Mines
  7011 | Orc:1    | Noticed a stone giant
  7034 | Orc:1    | Killed a stone giant
  7034 | Orc:1    | Reached skill level 11 in Shields
  7516 | Orc:1    | Noticed a wolf spider
  7717 | Orc:2    | Entered Level 2 of the Orcish Mines
  7750 | Orc:2    | Noticed Donald
  7758 | Orc:2    | Noticed a two-headed ogre
  7772 | Orc:2    | HP: 2/95 [Donald/war axe (28)]
  7772 | Orc:2    | Mangled by a two-headed ogre

Skill      XL: |  1  2  3  4  5  6  7  8  9 10 11 |
---------------+----------------------------------+-----
Fighting       | 4 5 7 8 |  8.8
Armour         | 3 4 6 7 8 9 |  9.4
Long Blades    | 4 |  4.8
Dodging        | 3 4 5 6 |  6.4
Short Blades   | 1 2 4 6 8 9 |  9.3
Shields        | 1 2 3 6 8 10 11 | 11.7
Stealth        | 1 |  1.0
Throwing       | 1 2 3 |  3.2

Action                   |  1- 3 |  4- 6 |  7- 9 | 10-12 || total
-------------------------+-------+-------+-------+-------++-------
Melee: Falchion          |    45 |       |       |       ||    45
       Headbutt          |    13 |    24 |   104 |    64 ||   205
       Dagger            |    23 |   133 |    58 |       ||   214
       Short sword       |       |       |   319 |       ||   319
       Quick blade       |       |       |   126 |   315 ||   441
Throw: Tomahawk          |       |       |     8 |    23 ||    31
Invok: Berserk           |       |     1 |     2 |     4 ||     7
       Burn Spellbooks   |       |       |     1 |       ||     1
       Trog's Hand       |       |       |     1 |       ||     1
       Brothers in Arms  |       |       |       |     2 ||     2
  Use: Scroll            |     5 |     2 |    11 |     2 ||    20
       Potion            |       |       |       |     2 ||     2
  Eat: Chunk             |       |     1 |     8 |     2 ||    11
       Bread ration      |       |     1 |     1 |     2 ||     4
       Royal jelly       |       |       |     1 |       ||     1
       Meat ration       |       |       |       |     1 ||     1
       Fruit             |       |       |       |     1 ||     1
Armor: Leather armour    |    29 |       |       |       ||    29
       Ring mail         |       |    41 |    60 |       ||   101
       Plate armour      |       |       |    38 |    47 ||    85
Dodge: Dodged            |    56 |    50 |   157 |    60 ||   323
Block: Shield            |       |    43 |   224 |   163 ||   430
       Reflection        |       |       |     4 |     6 ||    10
       Rpst.: Falchion   |     9 |       |       |       ||     9
